 Dungeon Crawl Stone Soup version 0.18.1-48-g4cf74bf (webtiles) character file.

1714 wemp the Skirmisher (level 8, -2/63 HPs)
             Began as a Mummy Fighter on July 20, 2016.
             Was an Elder of Pakellas.
             Splashed by a jelly's acid (5 damage)
             ... on level 7 of the Dungeon on July 21, 2016.
             The game lasted 00:22:40 (5677 turns).

wemp the Skirmisher (Mummy Fighter)                 Turns: 5677, Time: 00:22:41

Health: -2/63      AC: 15    Str: 21    XL:     8   Next: 74%
Magic:  10/10      EV:  4    Int:  7    God:    Pakellas [****..]
Gold:   342        SH: 10    Dex: 12    Spells: 0 memorised, 7 levels left

rFire  x . .     SeeInvis .     a - +0 long sword
rCold  + . .     Gourm    .     j - +1 plate armour
rNeg   + + +     Faith    .     c - +0 shield
rPois  ∞         Spirit   .     (no helmet)
rElec  .         Dismiss  .     (no cloak)
rCorr  .         Reflect  .     (no gloves)
SustAt .         Harm     .     (no boots)
MR     ++...                    q - amulet of magic regeneration
Stlth  ..........               m - +2 ring of protection
                                e - ring of protection from magic

@: very resistant to hostile enchantments, extremely unstealthy
A: no food or potions, fire vulnerability, cold resistance 1, negative energy
resistance 3, torment resistance, unbreathing
a: Quick Charge, Device Surge, Renounce Religion


You were on level 7 of the Dungeon.
You worshipped Pakellas.
Pakellas was greatly pleased with you.
You were not hungry.

You visited 2 branches of the dungeon, and saw 8 of its levels.

You collected 342 gold pieces.

Inventory:

Hand Weapons
 a - a +0 long sword (weapon)
Armour
 c - a +0 shield (worn)
 h - a +3 ring mail
 j - a +1 plate armour (worn)
 x - the +2 robe of the Nine Wonders {Int+3}
   (You found it on level 6 of the Dungeon)

   It affects your intelligence (+3).
Jewellery
 e - a ring of protection from magic (left hand)
 m - a +2 ring of protection (right hand)
 q - an amulet of magic regeneration (around neck)
 r - an uncursed ring of loudness
Wands
 i - a wand of slowing (32/48)
 l - a wand of polymorph (9/24)
 n - a wand of confusion (23/48)
 p - a wand of paralysis (1/24)
Scrolls
 b - a scroll of blinking
 d - 4 scrolls of identify
 f - 2 scrolls of recharging
 g - a scroll of immolation
 s - a scroll of enchant armour
 u - a scroll of amnesia
 v - a scroll of remove curse
Books
 o - a book of Annihilations

   Spells                             Type                      Level
   a - Poison Arrow                   Conjuration/Poison           6
   b - Chain Lightning                Conjuration/Air              8
   c - Lehudib's Crystal Spear        Conjuration/Earth            8
   d - Glaciate                       Conjuration/Ice              9
   e - Fire Storm                     Conjuration/Fire             9
Miscellaneous
 k - a phantom mirror
 t - a disc of storms


   Skills:
 + Level 5.5 Fighting
 + Level 4.4 Long Blades
 + Level 4.9 Armour
 + Level 5.3 Shields
 * Level 3.3 Evocations


You had 7 spell levels left.
You didn't know any spells.

Dungeon Overview and Level Annotations

Branches:
Dungeon (7/15)             Temple (1/1) D:5

Altars:
Ashenzari
Cheibriados
Dithmenos
Elyvilon
Fedhas
Gozag
Makhleb
Nemelex Xobeh
Okawaru
Pakellas
Qazlal
Ru
Sif Muna
Trog
Vehumet
Xom
Yredelemnul
Zin
The Shining One

Shops:
D:4 [   D:5 (


Innate Abilities, Weirdness & Mutations

You do not eat or drink.
Your flesh is vulnerable to fire.
You are immune to poison.
Your flesh is cold resistant.
You are immune to negative energy.
You are immune to unholy pain and torment.
You can survive without breathing.


Message History

The centaur suddenly stops moving!
This wand has 1 charge left.
The helpless centaur fails to defend itself.
You slash the centaur!
The centaur is moderately wounded.
The helpless centaur fails to defend itself.
You slash the centaur!
The centaur is almost dead.
A jelly comes into view.
The helpless centaur fails to defend itself.
You slash the centaur!
You kill the centaur!
Pakellas accepts your kill.
The jelly quivers.
You hit the jelly but do no damage.
Your hands burn!
* * * LOW HITPOINT WARNING * * *
You hear a slurping noise.
The jelly hits you but does no damage.
You slash the jelly!
Your hands burn!
You die...
Pakellas says: Good help is so hard to find these days!

###. ?.......#
#.).##.......#.
..#............
..c.?........).
....._.....#
.......(###
)##......<#
%########<#.###y
(......@J.......#
.##########.###%.
.# #


You could see a jelly.

Vanquished Creatures
  2 ice beasts (D:5)
  A sky beast (D:5)
  An ogre (D:5)
  2 centaurs
  A scorpion (D:6)
  4 killer bees (D:7)
  5 wights (D:6)
  3 crimson imps
  A jelly (D:3)
  2 orc wizards (D:6)
  A centaur skeleton (D:4)
  5 hounds
  2 iguanas (D:6)
  Jessica (D:2)
  2 worker ants
  3 hound skeletons
  A howler monkey skeleton (D:5)
  9 adders
  2 shadow imps
  An ooze (D:2)
  2 adder skeletons
  3 worms (D:2)
  5 dart slugs
  4 giant geckos
  2 orcs (D:6)
  11 bats
  4 giant cockroaches
  6 goblins
  3 hobgoblins (D:2)
  17 jackals
  8 kobolds
  3 quokkas
  2 ball pythons
  A giant gecko skeleton (D:4)
  10 giant newts
  A quokka skeleton (D:4)
  6 rats
137 creatures vanquished.

Notes
Turn   | Place    | Note
--------------------------------------------------------------
     0 | D:1      | wemp the Mummy Fighter began the quest for the Orb.
     0 | D:1      | Reached XP level 1. HP: 18/18 MP: 1/1
    64 | D:1      | Found a sparkling altar of Nemelex Xobeh.
    79 | D:1      | Reached XP level 2. HP: 24/24 MP: 2/2
   787 | D:2      | Reached XP level 3. HP: 26/29 MP: 3/3
   795 | D:2      | Found a faded altar to an unknown god.
   807 | D:2      | Became a worshipper of Pakellas the Inventive
   807 | D:2      | Reached * piety under Pakellas
   807 | D:2      | Received a gift from Pakellas
   851 | D:2      | Noticed Jessica
   876 | D:2      | Reached XP level 4. HP: 25/36 MP: 4/4
   894 | D:2      | Killed Jessica
  1144 | D:2      | Found a glowing golden altar of the Shining One.
  1287 | D:2      | Reached ** piety under Pakellas
  1287 | D:2      | Received a gift from Pakellas
  1624 | D:3      | Reached XP level 5. HP: 37/42 MP: 5/5
  2336 | D:4      | Reached *** piety under Pakellas
  2336 | D:4      | Received a gift from Pakellas
  2760 | D:4      | Found Yxtiefak's Armour Emporium.
  2797 | D:4      | Reached XP level 6. HP: 47/48 MP: 6/6
  2997 | D:4      | Found a bloodstained altar of Trog.
  3220 | D:5      | Entered Level 5 of the Dungeon
  3284 | D:5      | Reached skill level 1 in Evocations
  3525 | D:5      | Found Ideimiad's Antique Weapon Shoppe.
  3559 | D:5      | Reached XP level 7. HP: 49/54 MP: 6/8
  3769 | D:5      | Found a snail-covered altar of Cheibriados.
  3869 | D:5      | Reached **** piety under Pakellas
  3869 | D:5      | Received a gift from Pakellas
  3943 | D:5      | Found a staircase to the Ecumenical Temple.
  3960 | Temple   | Entered the Ecumenical Temple
  4428 | D:6      | Found a glowing silver altar of Zin.
  4466 | D:6      | Found a deep blue altar of Sif Muna.
  4850 | D:6      | Reached XP level 8. HP: 56/61 MP: 3/9
  4920 | D:7      | Found a shattered altar of Ashenzari.
  4933 | D:6      | Reached skill level 5 in Fighting
  5237 | D:6      | Got an ominously black robe
  5239 | D:6      | Identified the +2 robe of the Nine Wonders {Int+3} (You found it on level 6 of the Dungeon)
  5450 | D:6      | Reached skill level 5 in Shields
  5657 | D:7      | HP: 1/62 [killer bee (4)]
  5676 | D:7      | HP: 2/63 [acid (3)]
  5677 | D:7      | Splashed by a jelly's acid

Skill      XL: |  1  2  3  4  5  6  7  8 |
---------------+-------------------------+-----
Armour         | 3 4 |  4.9
Long Blades    | 2 3 4 |  4.4
Shields        | 3 4 5 |  5.3
Fighting       | 4 5 |  5.5
Evocations     | 1 2 3 |  3.3

Action                   |  1- 3 |  4- 6 |  7- 9 || total
-------------------------+-------+-------+-------++-------
Melee: Long sword        |   103 |   321 |   330 ||   754
Invok: Quick Charge      |       |     1 |     1 ||     2
Evoke: Wand              |       |     1 |    14 ||    15
  Use: Scroll            |       |     7 |     4 ||    11
 Stab: Paralysed         |       |       |    20 ||    20
Armor: Scale mail        |     8 |       |       ||     8
       Ring mail         |    49 |     3 |       ||    52
       Plate armour      |       |   251 |   201 ||   452
Dodge: Dodged            |    40 |    69 |    55 ||   164
Block: Shield            |    61 |   182 |   179 ||   422
